 Dungeon Crawl Stone Soup version 0.15-a0-1646-g393eda0 (webtiles) character file.

1180 PolkaDot the Cleaver (level 8, 0/67 HPs)
             Began as a Hill Orc Fighter on June 21, 2014.
             Was a Believer of Beogh.
             Slain by a wight
             ... wielding a +0 flail
              (3 damage)
             ... on Level 6 of the Dungeon.
             The game lasted 00:23:27 (5683 turns).

PolkaDot the Cleaver (Hill Orc Fighter)             Turns: 5683, Time: 00:23:27

HP   0/67        AC  8     Str 19      XL: 8   Next: 42%
MP   8/8         EV 10     Int  8      God: Beogh [**....]
Gold 258         SH  0     Dex 15      Spells:  0 memorised,  7 levels left

rFire  . . .     SeeInvis .     a - +1 war axe
rCold  . . .     Clarity  .     y - +2 ring mail {rPois}
rNeg   . . .     rCorr    .     (no shield)
rPois  +         rRot     .     (no helmet)
rElec  .         Spirit   .     (no cloak)
SustAb .         Warding  .     (no gloves)
rMut   .         Stasis   .     (no boots)
Gourm  .                        (no amulet)
MR     .....                    E - +3 ring of dexterity
                                u - ring of regeneration

@: drained, not resistant to hostile enchantments, very unstealthy
A: no striking features
a: Smiting, Renounce Religion


You were on level 6 of the Dungeon.
You worshipped Beogh.
Beogh was pleased with you.
You were very hungry.

You visited 1 branch of the dungeon, and saw 6 of its levels.

You collected 258 gold pieces.

Inventory:

Hand weapons
 a - a +1 war axe (weapon)
Missiles
 c - 7 tomahawks (quivered)
Armour
 y - a +2 ring mail of poison resistance (worn)
Magical devices
 l - a wand of draining (4) {unknown}
 m - a wand of enslavement (10) {unknown}
Comestibles
 b - a slice of pizza
 d - 5 meat rations
 g - 3 beef jerkies
 j - 4 bread rations
 z - a rotting chunk of goblin flesh {@w1}
 B - a royal jelly
Scrolls
 i - 2 scrolls of blinking
 n - a scroll of enchant weapon
 o - a scroll of immolation
 p - 4 scrolls of remove curse
 q - 3 scrolls of fear {unknown}
 s - a scroll of recharging {unknown}
 t - 2 scrolls of magic mapping {unknown}
 v - 3 scrolls of amnesia {unknown}
 w - a scroll of teleportation
 C - a scroll of noise {unknown}
Jewellery
 u - a ring of regeneration (left hand)
 E - a +3 ring of dexterity (right hand)
Potions
 e - a potion of degeneration {!q}
 f - 2 potions of magic
 h - 2 potions of brilliance
 k - 4 potions of curing
 r - 2 potions of heal wounds
 x - 3 potions of lignification {unknown}
 A - a potion of cure mutation {unknown}
 F - 2 potions of flight {unknown}


   Skills:
 + Level 4.9(4.1) Fighting
 * Level 10.3(9.4) Axes
 + Level 6.2(5.4) Armour
 - Level 1.3(0.6) Dodging
   Level 3.2(2.5) Shields


You had 7 spell levels left.
You didn't know any spells.

Dungeon Overview and Level Annotations

Branches:
Dungeon (6/15)
 Temple: D:4-7

Altars:
Dithmenos
Qazlal
Xom
Zin


Message History

You hit the wight.
The wight is severely damaged.
Unknown command.
You closely miss the wight.
The wight is severely damaged.
The wight hits you with a flail.
* * * LOW HITPOINT WARNING * * *
Unknown command.
You barely miss the wight.
The wight is severely damaged.
The wight closely misses you.
You barely miss the wight.
The wight is severely damaged.
The wight barely misses you.
You hit the wight.
The wight is almost destroyed.
The wight hits you with a flail!
* * * LOW HITPOINT WARNING * * *
You feel drained.
You die...

#####. #...... .......
#################z..#####
.........>.....%@).......
#######.########))......[
........##### #........
............# ##..#....
............# ..# ...
............# ..? .
............# +###
......[..#### ########.#


You could see a wight.

Vanquished Creatures
  2 ice beasts (D:5)
  3 wights (D:6)
  3 crimson imps (D:4)
  A gnoll shaman (D:5)
  A goliath beetle (D:6)
  A jelly (D:5)
  2 orc priests (D:5)
  A hound (D:5)
  3 orc wizards (D:5)
  5 worker ants
  Natasha (D:3)
  The ghost of Mutation the Skirmisher, a weakling CeFi (D:4)
  Ijyb (D:3)
  An ogre skeleton (D:5)
  Terence (D:2)
  10 gnolls (D:5)
  2 adders
  2 inept feature mimics
  A giant mite (D:5)
  A shadow imp (D:5)
  4 worms
  3 giant geckos
  10 orcs
  15 bats
  A bat skeleton (D:3)
  6 giant cockroaches
  16 goblins
  12 hobgoblins
  14 kobolds
  2 quokkas
  A giant gecko skeleton (D:5)
  6 giant newts
  7 jackals
  14 rats
154 creatures vanquished.

Vanquished Creatures (others)
  2 giant geckos (D:3)
  3 orcs (D:3)
  A kobold (D:3)
  A rat (D:3)
7 creatures vanquished.

Grand Total: 161 creatures vanquished

Notes
Turn   | Place    | Note
--------------------------------------------------------------
     0 | D:1      | PolkaDot, the Hill Orc Fighter, began the quest for the Orb.
     0 | D:1      | Reached XP level 1. HP: 19/19 MP: 1/1
    57 | D:1      | Reached skill level 4 in Fighting
    59 | D:1      | Reached XP level 2. HP: 22/27 MP: 2/2
   475 | D:1      | Reached XP level 3. HP: 27/34 MP: 3/3
   881 | D:2      | Noticed Terence
   890 | D:2      | Killed Terence
  1089 | D:2      | Reached XP level 4. HP: 9/41 MP: 4/4
  2237 | D:3      | Noticed Ijyb
  2258 | D:3      | Killed Ijyb
  2258 | D:3      | Reached XP level 5. HP: 41/47 MP: 5/5
  2302 | D:3      | Reached skill level 5 in Axes
  2437 | D:3      | Became a worshipper of Beogh the Brigand
  2457 | D:3      | Found a glowing silver altar of Zin.
  2957 | D:3      | Noticed Natasha
  2966 | D:3      | Killed Natasha
  3271 | D:4      | Noticed Mutation's ghost (weakling CeFi)
  3284 | D:4      | Killed Mutation's ghost
  3284 | D:4      | Reached skill level 6 in Axes
  3397 | D:4      | Found a shimmering altar of Xom.
  3417 | D:4      | Reached XP level 6. HP: 34/53 MP: 6/6
  3500 | D:4      | Reached skill level 1 in Dodging
  3544 | D:4      | Acquired Beogh's first power
  3877 | D:4      | Reached skill level 7 in Axes
  4296 | D:5      | Entered Level 5 of the Dungeon
  4325 | D:5      | Reached XP level 7. HP: 56/60 MP: 7/7
  4356 | D:5      | Reached skill level 8 in Axes
  4356 | D:5      | Reached skill level 5 in Armour
  4385 | D:5      | Reached skill level 9 in Axes
  4838 | D:5      | Reached XP level 8. HP: 65/67 MP: 8/8
  5074 | D:5      | Acquired Beogh's second power
  5525 | D:6      | Found a shadowy altar of Dithmenos.
  5554 | D:6      | Found a stormy altar of Qazlal.
  5630 | D:6      | Reached skill level 10 in Axes
  5683 | D:6      | HP: 3/67 [wight/flail (7)]
  5683 | D:6      | Slain by a wight

Action                   |  1- 3 |  4- 6 |  7- 9 || total
-------------------------+-------+-------+-------++-------
Melee: War axe           |    99 |   228 |   145 ||   472
Invok: Convert to Beogh  |       |     1 |       ||     1
  Use: Potion            |     1 |     2 |       ||     3
       Scroll            |       |    13 |     1 ||    14
